 Dungeon Sprint DCSS version 0.21.1-1-g345015f (webtiles) character file.

1290 sankara the Spear-Bearer (level 8, -3/71 HPs)
             Began as a Formicid Fighter on Apr 3, 2018.
             Was a Believer of Okawaru.
             Shot with an arrow by a centaur warrior (15 damage)
             ... in the Dungeon (Sprint I: "Red Sonja").
             The game lasted 00:06:00 (953 turns).

sankara the Spear-Bearer (Formicid Fighter)          Turns: 953, Time: 00:06:01

Health: -3/71      AC: 11    Str: 29    XL:     8   Next: 86%
Magic:  8/8        EV: 11    Int:  7    God:    Okawaru [**....]
Gold:   67         SH: 12    Dex: 10    Spells: 7/7 levels left

rFire    . . .     SeeInvis +   a - +0 scythe
rCold    . . .     Gourm    .   c - +0 shield
rNeg     . . .     Faith    .   l - +0 chain mail
rPois    .         Spirit   .   (helmet unavailable)
rElec    .         Reflect  .   (no cloak)
rCorr    .         Harm     .   (no gloves)
MR       .....                  (no boots)
Stlth    ..........             (no amulet)
HPRegen  0.21/turn              n - ring of see invisible {sInv, !d}
MPRegen  0.11/turn              (no ring)

@: mighty
A: permanent stasis, dig shafts and tunnels, four strong arms, antennae 3
a: Dig, Heroism, Renounce Religion


You were in the Dungeon.
You worshipped Okawaru.
Okawaru was pleased with you.
You were not hungry.

You visited 1 branch You collected 323 gold pieces.
You spent 256 gold pieces at shops.

Inventory:

Hand Weapons
 a - a +0 scythe (weapon)
   (You took it off Sigmund in the Dungeon)
 b - the +5 arbalest of Reapportionment {elec, +Inv MR+}
   (You bought it in a shop in the Dungeon)

   It charges the ammunition it shoots with electricity; occasionally upon a
   hit, such missiles may discharge and cause terrible harm.
   It affects your resistance to hostile enchantments.
   It lets you turn invisible.
 p - a +0 trident
Armour
 c - a +0 shield (worn)
 l - a +0 chain mail (worn)
   (You took it off Ijyb in the Dungeon)
 m - a +0 scale mail
Jewellery
 n - a ring of see invisible (left hand) {sInv, !d}
   (You found it in the Dungeon)
Scrolls
 k - a scroll of blinking {!r}
Potions
 e - a potion of curing
 g - a potion of heal wounds
 h - a potion of haste
 i - 2 potions of magic
 j - a potion of berserk rage {!q}
Comestibles
 f - a ration


   Skills:
 + Level 9.3 Fighting
 * Level 11.2 Polearms
 + Level 9.2 Armour
 - Level 5.1 Dodging
 + Level 10.1 Shields


You had 7 spell levels left.
You didn't know any spells.

Dungeon Overview and Level Annotations

Branches:
Dungeon (1/1)

Altars:
Cheibriados
Dithmenos
Elyvilon
Fedhas
Gozag
Hepliaklqana
Kikubaaqudgha
Makhleb
Nemelex Xobeh
Okawaru
Qazlal
Ru
Sif Muna
Trog
Uskayaw
Vehumet
Wu Jian
Xom
Yredelemnul
Zin
The Shining One
Jiyva
Lugonu

Shops:
D (


Innate Abilities, Weirdness & Mutations

You cannot be hasted, slowed, berserked, paralysed or teleported.
You can dig through walls and to a lower floor.
Your four strong arms can wield two-handed weapons with a shield.
You have a pair of large antennae on your head. (SInv)


Message History

You block the slime creature's attack.
You slash the slime creature!
The slime creature is severely wounded.
The slime creature hits you. You block the slime creature's attack.
You are too injured to fight recklessly!
You are too injured to fight recklessly!
You are too injured to fight recklessly!
You hit the slime creature.
The slime creature is almost dead.
The slime creature hits you!
You barely miss the slime creature.
The slime creature is severely wounded.
The slime creature closely misses you.
The slime creature hits you but does no damage.
You barely miss the slime creature.
The slime creature is severely wounded.
The slime creature hits you! The slime creature hits you.
* * * LOW HITPOINT WARNING * * *
You slash the slime creature!
The slime creature is almost dead.
You block the slime creature's attack.
You slash the slime creature!
You kill the slime creature!
Okawaru is honoured by your kill.
Your Fighting skill increases to level 8!
Your Polearms skill increases to level 9!
You start resting.
All of the chunks of flesh in your inventory have rotted away.
HP restored.
There is an open door here.
An arrow shoots out and hits your shield.
There is an arrow trap here.
Okay, then.
There is a burning altar of Makhleb here.
There is an open door here.
There is an open door here.
You open the door.
A centaur warrior comes into view.
What are your orders? t - Shout!
Orders for allies: a - Attack new target. r - Retreat! s - Stop attacking. g - Guard the area. f - Follow me.
Anything else - Cancel.
You shout for attention!
You hear a shout! x2
A centaur warrior comes into view.
Attack whom?
Press: ? - help, Dir - move target cursor, f - centaur warrior
Aim: a centaur warrior (purple smoke)
You reach to attack!
You slash the centaur warrior!
The centaur warrior is lightly wounded.
The centaur warrior wields a shortbow.
The centaur warrior shoots an arrow.
The arrow hits you!!
You are too injured to fight recklessly!
You barely miss the centaur warrior.
The centaur warrior is lightly wounded.
The centaur warrior unwields an uncursed shortbow.
The centaur warrior hits you. The centaur warrior closely misses you.
You slice the centaur warrior!!
The centaur warrior is heavily wounded.
The centaur warrior hits you. x2
You feel very mighty all of a sudden. The centaur warrior closely misses you.
The centaur warrior hits you but does no damage.
You barely miss the centaur warrior.
The centaur warrior is heavily wounded.
The centaur warrior hits you but does no damage.
You block the centaur warrior's attack.
Attack whom?
Press: ? - help, Dir - move target cursor, f/p - centaur warrior
Aim: a centaur warrior (heavily wounded)
You slash the centaur warrior!
The centaur warrior is severely wounded.
The centaur warrior hits you. The centaur warrior hits you!
Attack whom?
Press: ? - help, Dir - move target cursor, f/p - centaur warrior
Aim: a centaur warrior (severely wounded)
You closely miss the centaur warrior.
The centaur warrior is severely wounded.
The centaur warrior hits you.
* * * LOW HITPOINT WARNING * * *
The centaur warrior hits you.
* * * LOW HITPOINT WARNING * * *
You block the centaur warrior's attack.
Attack whom?
Press: ? - help, Dir - move target cursor, f/p - centaur warrior
Aim: a centaur warrior (severely wounded)
You cut the centaur warrior into ribbons!!!
You kill the centaur warrior!
Okawaru is honoured by your kill.
You can now gain great but temporary skills.
Your Fighting skill increases to level 9!
Your Polearms skill gained 2 levels and is now at level 11!
Your Armour skill gained 2 levels and is now at level 9!
Your Shields skill gained 2 levels and is now at level 10!
You have reached level 8!
You feel stronger.
The centaur warrior wields a shortbow.
The centaur warrior shoots an arrow.
You block the arrow.
The centaur warrior shoots an arrow.
The arrow hits you!
You die...

###################
#<.#..)..#..'..#__#
#..'..#..'[.#..'^.+ {
#..#####'#####'#__# {
#..####..#...#@####§
#..#__####..##)#§§§§
#..#_____##'#_c'§§§ {
#⌠⌠#_.∩...'..._#≈c§§c#
####_..__##_.#'##+####
#_____###+#.# #######
### { {


You could see a centaur warrior.

Vanquished Creatures
  A centaur warrior (D)
  A slime creature (D)
  Sigmund (D)
  A yak (D)
  An ogre (D)
  A jelly (D)
  Ijyb (D)
7 creatures vanquished.

Vanquished Creatures (others)
  A gargoyle (D)
1 creature vanquished.

Grand Total: 8 creatures vanquished

Notes
Turn   | Place    | Note
-------+----------+-------------------------------------------
     0 | D        | sankara the Formicid Fighter began the quest for the Orb.
     0 | D        | Reached XP level 1. HP: 18/18 MP: 1/1
     1 | D        | Noticed Ijyb
    24 | D        | Killed Ijyb
    24 | D        | Reached skill level 4 in Fighting
    24 | D        | Reached skill level 3 in Polearms
    24 | D        | Reached skill level 4 in Armour
    24 | D        | Reached skill level 1 in Dodging
    24 | D        | Reached skill level 4 in Shields
    24 | D        | Reached XP level 2. HP: 10/25 MP: 2/2
    25 | D        | Reached XP level 3. HP: 13/30 MP: 3/3
   195 | D        | Noticed an ogre
   199 | D        | HP: 3/30 [ogre/giant club (6)]
   201 | D        | Killed an ogre
   201 | D        | Reached skill level 5 in Fighting
   201 | D        | Reached skill level 5 in Polearms
   201 | D        | Reached skill level 5 in Armour
   201 | D        | Reached skill level 3 in Dodging
   201 | D        | Reached skill level 5 in Shields
   201 | D        | Reached XP level 4. HP: 4/39 MP: 4/4
   201 | D        | Reached XP level 5. HP: 5/44 MP: 5/5
   476 | D        | Noticed Sigmund
   481 | D        | Killed Sigmund
   481 | D        | Reached skill level 6 in Fighting
   481 | D        | Reached skill level 7 in Polearms
   481 | D        | Reached skill level 6 in Armour
   481 | D        | Reached skill level 4 in Dodging
   481 | D        | Reached skill level 7 in Shields
   481 | D        | Reached XP level 6. HP: 47/53 MP: 6/6
   522 | D        | Found an ornate altar of the Wu Jian Council.
   522 | D        | Found a deep blue altar of Sif Muna.
   524 | D        | Found a radiant altar of Vehumet.
   551 | D        | Found Ajivif's Antique Weapon Emporium.
   551 | D        | Found an ancient bone altar of Kikubaaqudgha.
   551 | D        | Found a hazy altar of Hepliaklqana.
   551 | D        | Found a stormy altar of Qazlal.
   551 | D        | Found a hide-covered altar of Uskayaw.
   551 | D        | Found a blossoming altar of Fedhas.
   551 | D        | Found a bloodstained altar of Trog.
   551 | D        | Found an iron altar of Okawaru.
   551 | D        | Found a basalt altar of Yredelemnul.
   551 | D        | Found a glowing golden altar of the Shining One.
   551 | D        | Found a snail-covered altar of Cheibriados.
   551 | D        | Found a sacrificial altar of Ru.
   551 | D        | Found a glowing silver altar of Zin.
   551 | D        | Found a shadowy altar of Dithmenos.
   551 | D        | Found a white marble altar of Elyvilon.
   551 | D        | Noticed a yak
   558 | D        | Killed a yak
   558 | D        | Reached skill level 7 in Fighting
   558 | D        | Reached skill level 8 in Polearms
   558 | D        | Reached skill level 7 in Armour
   558 | D        | Reached skill level 5 in Dodging
   558 | D        | Reached skill level 8 in Shields
   558 | D        | Reached XP level 7. HP: 34/60 MP: 7/7
   559 | D        | Found an opulent altar of Gozag.
   562 | D        | Found a sparkling altar of Nemelex Xobeh.
   566 | D        | Bought a fine arbalest for 256 gold pieces
   566 | D        | Identified the +5 arbalest of Reapportionment {elec, +Inv MR+} (You bought it in a shop in the Dungeon)
   568 | D        | Became a worshipper of Warmaster Okawaru
   665 | D        | Killed a gargoyle
   697 | D        | Found a burning altar of Makhleb.
   697 | D        | Found a viscous altar of Jiyva.
   697 | D        | Found a shimmering altar of Xom.
   697 | D        | Found a corrupted altar of Lugonu.
   697 | D        | Noticed a slime creature
   704 | D        | HP: 15/60 [slime creature (6)]
   706 | D        | Killed a slime creature
   706 | D        | Reached skill level 8 in Fighting
   706 | D        | Reached skill level 9 in Polearms
   942 | D        | Noticed a centaur warrior
   946 | D        | Noticed a centaur warrior
   952 | D        | HP: 14/62 [centaur warrior (5)]
   953 | D        | Killed a centaur warrior
   953 | D        | Reached * piety under Okawaru
   953 | D        | Reached ** piety under Okawaru
   953 | D        | Reached skill level 9 in Fighting
   953 | D        | Reached skill level 11 in Polearms
   953 | D        | Reached skill level 9 in Armour
   953 | D        | Reached skill level 10 in Shields
   953 | D        | Reached XP level 8. HP: 12/71 MP: 8/8
   953 | D        | Shot with an arrow by a centaur warrior

Skill      XL: |  1  2  3  4  5  6  7 |
---------------+----------------------+-----
Fighting       | 4 5 6 7 9 |  9.3
Polearms       | 3 5 7 8 11 | 11.2
Armour         | 4 5 6 7 9 |  9.2
Dodging        | 1 3 4 5 |  5.1
Shields        | 4 5 7 8 10 | 10.1

Action                   |  1- 3 |  4- 6 |  7- 9 || total
-------------------------+-------+-------+-------++-------
Melee: Trident           |    29 |     5 |       ||    34
       Scythe            |       |     9 |    16 ||    25
  Use: Potion            |       |       |     1 ||     1
Armor: Scale mail        |     7 |       |       ||     7
       Chain mail        |       |     1 |     3 ||     4
Dodge: Dodged            |     7 |     4 |     3 ||    14
Block: Shield            |     8 |     5 |     8 ||    21

Vault maps used:
D:        dungeon_sprint_1

Table legend:
 A = Turns spent in this place as a percentage of turns spent in the entire game.
 B = Non-inter-level travel turns spent in this place as a percentage of non-inter-level travel turns spent in the entire game.
 C = Inter-level travel turns spent in this place as a percentage of turns spent in this place.
 D = Turns resting spent in this place as a percentage of non-inter-level travel turns spent in this place.
 E = Turns spent auto-exploring this place as a percentage of non-inter-level travel turns spent in this place.
 F = Non-inter-level travel turns spent in this place divided by the number of levels of this place that you've seen.
                   A       B       C       D       E      F
               +-------+-------+-------+-------+-------+----------------------
         Total | 100.0 | 100.0 |   0.0 |  81.6 |   0.0 | 953.0
       Dungeon | 100.0 | 100.0 |   0.0 |  81.6 |   0.0 | 953.0
               +-------+-------+-------+-------+-------+----------------------

Table legend:
 A = Kills in this place as a percentage of kills in entire the game.
 B = Kills by you in this place as a percentage of kills by you in the entire game.
 C = Kills by friends in this place as a percentage of kills by friends in the entire game.
 D = Other kills in this place as a percentage of other kills in the entire game.
 E = Experience gained in this place as a percentage of experience gained in the entire game.
 F = Experience gained in this place divided by the number of levels of this place that you have seen.
                   A       B       C       D       E      F
               +-------+-------+-------+-------+-------+----------------------
         Total | 100.0 | 100.0 |   N/A |   N/A | 100.0 | 1844.0
       Dungeon | 100.0 | 100.0 |   N/A |   N/A | 100.0 | 1844.0
               +-------+-------+-------+-------+-------+----------------------
